Cogmind - Beta 15 @@@ ROGUE MODE // 2025.06.29 @ 22:30:41 Player: Asimov Result: Destroyed by exploding Fusion Modulator Performance ------------- Evolutions (2) 1000 Regions Visited (4) 800 Robots Destroyed (31) 155 Value Destroyed (830) 830 Prototype IDs (2) 40 Alien Tech Used (0) 0 Bonus (-9) -9 TOTAL SCORE: 2816 Bonus ------- Follower Combat Kills 7 Friendly Fire -16 Cogmind --------- Core Integrity 0/550 Matter 220/300 Energy 100/100 System Corruption 0% Temperature Cool (12) Movement Core (1350) Ox26 Location -8/Materials Parts ------- > --- POWER (2) -------- (None) > --- PROPULSION (4) --- (None) > --- UTILITY (3) ------ Huge Storage Unit Advanced Targeting Computer Hacking Suite > --- WEAPON (2) ------- (None) > --- INVENTORY (25) --- Ion Engine Aluminum Leg Cryofiber Web Improved Heat Sink Terrain Scanner Targeting Computer ECM Suite Hardened Medium Armor Plating Peak State ------------ > --- POWER ------------ Deuterium Engine Light Angular Momentum Engine > --- PROPULSION ------- Improved Aluminum Leg Carbon-fiber Leg Carbon-fiber Leg > --- UTILITY ---------- Huge Storage Unit Advanced Targeting Computer Hacking Suite > --- WEAPON ----------- Beamcaster Assault Cannon > --- INVENTORY -------- Ion Engine Aluminum Leg Cryofiber Web Improved Heat Sink Terrain Scanner Targeting Computer ECM Suite Hardened Medium Armor Plating Heavy EM Pulse Gun Flak Cannon Grenade Launcher [Rating: 33] Favorites ----------- Power Ion Engine Engine Ion Engine Propulsion Wheel Treads Armored Treads Leg Carbon-fiber Leg Wheel Wheel Utility Huge Storage Unit Storage Huge Storage Unit Processor Signal Interpreter Hackware Hacking Suite Weapon EM Pulse Gun Energy Gun EM Pulse Gun Energy Cannon Beam Cannon Ballistic Cannon Flak Cannon Launcher Grenade Launcher Build | -11 -10 -10 -9 -8 ------- Run | Yrd Mat Min Mat Mat Slots Evolved 4 | . . . 2 2 Power 1 | . . . . 1 Propulsion 2 | . . . 1 1 Utility 1 | . . . 1 . Weapon . | . . . . . Parts Attached 28 | 6 3 . 14 5 Power 4 | 1 . . 1 2 Engine 4 | 1 . . 1 2 Core . | . . . . . Reactor . | . . . . . Propulsion 10 | 2 . . 8 . Treads 3 | . . . 3 . Leg 4 | . . . 4 . Wheel 3 | 2 . . 1 . Hover . | . . . . . Flight . | . . . . . Utility 5 | 1 2 . 1 1 Device . | . . . . . Storage 2 | 1 1 . . . Processor 2 | . 1 . 1 . Hackware 1 | . . . . 1 Protection . | . . . . . Artifact . | . . . . . Weapon 9 | 2 1 . 4 2 Energy Gun 4 | 2 . . 1 1 Energy Cannon 2 | . 1 . 1 . Ballistic Gun . | . . . . . Ballistic Cannon 2 | . . . 2 . Launcher 1 | . . . . 1 Special Weapon . | . . . . . Impact Weapon . | . . . . . Slashing Weapon . | . . . . . Piercing Weapon . | . . . . . Special Melee Weapon . | . . . . . Unidentified Prototypes . | . . . . . Parts Lost 14 | . 1 1 2 10 Power 2 | . . . . 2 Propulsion 4 | . . 1 . 3 Utility . | . . . . . Weapon 8 | . 1 . 2 5 Highest Loss Streak 6 | . 1 1 1 6 To Critical Strikes 1 | . . . . 1 Average Backups 8 | 1 6 9 10 9 Power 1 | . 1 1 1 1 Propulsion . | . . 1 . 1 Utility 4 | . 2 5 5 5 Weapon 2 | . 2 2 2 1 Tool/Special . | . . . . . Unused Backups 14 | . 4 1 3 6 Power 1 | . 1 . . . Propulsion 1 | . . . 1 . Utility 9 | . 1 1 1 6 Weapon 3 | . 2 . 1 . Tool/Special . | . . . . . Average Slot Usage (%) 90 | . 97 95 97 71 Engine 13 | . 14 14 11 14 Leg 12 | . . . 27 15 Wheel 12 | . 28 23 3 . Storage 11 | . 14 14 11 9 Processor 15 | . 11 14 21 12 Hackware 1 | . . . . 5 Energy Gun 11 | . 21 14 5 5 Energy Cannon 5 | . 5 14 6 . Ballistic Cannon 4 | . . . 9 7 Peak Build Rating 33 | 6 8 8 24 33 Average Rating 15 | 4 7 7 21 23 On Entrance 9 | . 6 8 8 24 Naked Turns . | . . . . . Heaviest Build 108 | 14 90 90 97 108 Greatest Support 43 | 20 20 20 43 43 Greatest Overweight (x) 35 | 2 4 8 4 35 Average Overweight (x) 3 | . 3 4 2 5 Largest Inventory Capacity 25 | 8 25 25 25 25 Average Capacity 24 | 6 24 25 25 25 Most Carried 14 | 2 10 14 14 11 Average Carried 8 | 1 6 9 10 9 Final Capacity 25 | 8 25 25 25 25 Final Carried 13 | 2 9 13 10 8 Class Distribution -------------------- 71% | Mutant 28% | Scavenger-Mutant Dominant Class ---------------- Mutant | -10/Materials Mutant | -10/Mines Mutant | -9/Materials Scavenger-Mutant | -8/Materials Resources | -11 -10 -10 -9 -8 ----------- Run | Yrd Mat Min Mat Mat Matter Collected 738 | 250 127 . 272 89 Remotely . | . . . . . Salvage Created 804 | . 309 32 284 179 Parts 55 | . 30 . 16 9 Haulers Intercepted . | . . . . . Recyclers Shooed . | . . . . . Parts Field Recycled . | . . . . . Retrieved Matter . | . . . . . Parts Self-Destructed . | . . . . . Prevented . | . . . . . Kills | -11 -10 -10 -9 -8 ------- Run | Yrd Mat Min Mat Mat Combat Hostiles Destroyed 28 | . 11 2 10 5 Guns 10 | . 6 . 3 1 Cannons 13 | . 2 2 6 3 AOE 5 | . 3 . 1 1 Classes Destroyed 6 | . 3 . 1 2 Worker 1 | . . . . 1 Operator 2 | . 2 . . . Swarmer 11 | . 6 2 3 . Grunt 13 | . 5 . 5 3 Sentry 3 | . . . 2 1 Hunter 1 | . . . . 1 Best Kill Streak 3 | . 3 2 3 3 Combat Bots Only 3 | . 3 2 3 2 Max Kills in Single Turn 2 | . 2 1 1 2 Gunslinging . | . . . . . Exploded 2 | . 2 . 1 1 Melee . | . . . . . Uniques/NPCs Destroyed . | . . . . . Combat | -11 -10 -10 -9 -8 -------- Run | Yrd Mat Min Mat Mat Hostile Shots Fired 237 | . 35 13 70 119 Missed 71 | . 15 3 23 30 Hits 166 | . 20 10 47 89 Projectile 166 | . 20 10 47 89 Critical Strikes 5 | . . . 1 4 Damage Taken 2352 | . 202 77 550 1523 Core 768 | . 43 9 101 615 Absorbed by Shields . | . . . . . Core Remaining (%) 84 | 100 . 79 74 . Volleys Fired 76 | . 22 5 28 21 Largest 2 | . 2 2 2 2 Hottest 123 | . 100 100 123 112 Shots Fired 144 | . 44 10 55 35 Gun 64 | . 29 5 13 17 Cannon 78 | . 15 5 42 16 Launcher 2 | . . . . 2 Special . | . . . . . Kinetic 37 | . . . 21 16 Thermal 50 | . 15 5 20 10 Explosive 2 | . . . . 2 Electromagnetic 55 | . 29 5 14 7 Robot Hit Streak 11 | . 4 2 11 7 Robot Miss Streak 5 | . 3 2 5 4 Penetration Max . | . . . . . Secondary Targets . | . . . . . Shots Hit Robots 86 | . 20 5 39 22 Core Hits 54 | . 16 3 24 11 Critical Kills . | . . . . . Critical Parts Destroyed . | . . . . . Critical Strikes 2 | . 1 . . 1 Blast 1 | . . . . 1 Corrupt 1 | . 1 . . . Melee Attacks . | . . . . . Impact . | . . . . . Slashing . | . . . . . Piercing . | . . . . . Sneak Attacks . | . . . . . Combat Hostiles . | . . . . . Follow-up Attacks . | . . . . . Damage Inflicted 2056 | . 426 86 942 602 Guns 662 | . 232 33 166 231 Cannons 1058 | . 68 53 691 246 Explosions 336 | . 126 . 85 125 Melee . | . . . . . Ramming . | . . . . . Kinetic 596 | . . . 350 246 Thermal 719 | . 194 53 322 150 Explosive 125 | . . . . 125 Electromagnetic 616 | . 232 33 270 81 Impact . | . . . . . Slashing . | . . . . . Piercing . | . . . . . Highest Corruption . | . . . . . Average Corruption . | . . . . . Corruption Purged . | . . . . . Corruption Blocked . | . . . . . Overload Shots . | . . . . . Overflow Damage . | . . . . . Projectiles . | . . . . . Explosions . | . . . . . Melee . | . . . . . Knockbacks 5 | . . . 3 2 Impact . | . . . . . Kinetic 5 | . . . 3 2 Secondary . | . . . . . Self-Inflicted Damage . | . . . . . Shots . | . . . . . Rammed . | . . . . . Targets Rammed . | . . . . . Kicked . | . . . . . Crushed . | . . . . . Highest Temperature 475 | . 467 195 378 475 Average Temperature 163 | . 168 100 127 226 Received Heat Transfer 636 | . 96 . 261 279 Effects 13 | . 6 . 1 6 Shutdowns 5 | . 2 . . 3 Energy Bleed 2 | . . . 1 1 Matter Decay 3 | . 2 . . 1 Short Circuit 1 | . . . . 1 Damage (minor) 2 | . 2 . . . Siege Activations . | . . . . . Martial Activations . | . . . . . Shielding Activations . | . . . . . Robots Disrupted . | . . . . . Combat Hostiles . | . . . . . Robots Corrupted . | . . . . . Combat Hostiles . | . . . . . Parts Fried 1 | . . . 1 . Impact Corruptions . | . . . . . Robots Melted . | . . . . . Combat Hostiles . | . . . . . Parts Melted 1 | . . . 1 . Heat Transferred 1212 | . 248 111 594 259 Parts Sabotaged . | . . . . . Parts Stolen . | . . . . . Parts Stripped . | . . . . . Power Chain Reactions 3 | . 2 . 1 . Alert | -11 -10 -10 -9 -8 ------- Run | Yrd Mat Min Mat Mat Maximum Alert Level . | . . . . . Low Security (%) 100 | 100 100 100 100 100 Level 1 . | . . . . . Level 2 . | . . . . . Level 3 . | . . . . . Level 4 . | . . . . . Level 5 . | . . . . . High Security . | . . . . . Max Security . | . . . . . Peak Influence 92 | . 92 65 72 69 Initial 9 | . . 8 9 2 Average 20 | . 33 15 17 10 Influence Increases 780 | . 293 75 260 152 Destroy 0b10 Robot/C 580 | . 220 60 200 100 Destroy 0b10 Robot/NC 15 | . 10 . . 5 Destroy Leader 130 | . 40 10 50 30 Allied During Kill 5 | . . 5 . . Successful Hack 15 | . 10 . 5 . Destroy Structure 35 | . 13 . 5 17 Influence Decreases 780 | . 271 72 278 159 Entered New Map 35 | . . 14 16 5 Time Decay 682 | . 261 58 252 111 Lost Part 63 | . 10 . 10 43 Squads Dispatched 4 | . 2 1 1 . Investigation 3 | . 1 1 1 . Extermination . | . . . . . Reinforcement 1 | . 1 . . . Assault . | . . . . . Garrison . | . . . . . Intercept . | . . . . . Searches Triggered . | . . . . . Construction Impeded . | . . . . . Haulers Reinforced . | . . . . . Active Scanning Responses . | . . . . . Cargo Convoy Interrupts . | . . . . . Stealth | -11 -10 -10 -9 -8 --------- Run | Yrd Mat Min Mat Mat Distress Signals 2 | . 1 . . 1 Communications Jammed . | . . . . . Distress Signals . | . . . . . Times Spotted 42 | . 18 4 12 8 Peak Tracking Total 4 | . 4 3 4 3 Tactical Retreats . | . . . . . Traps | -11 -10 -10 -9 -8 ------- Run | Yrd Mat Min Mat Mat Traps Triggered 3 | . 1 . 1 1 Indirectly . | . . . . . Trap Hack Attempts . | . . . . . Triggered . | . . . . . Disarmed . | . . . . . Reprogrammed . | . . . . . Reused . | . . . . . Traps Extracted . | . . . . . Installed . | . . . . . Triggered . | . . . . . Machines | -11 -10 -10 -9 -8 ---------- Run | Yrd Mat Min Mat Mat Machines Disabled . | . . . . . Max in Single Turn . | . . . . . Machines Repaired . | . . . . . Machines Dismantled . | . . . . . Machines Sabotaged . | . . . . . Overloaded Fab Kills . | . . . . . Hacking | -11 -10 -10 -9 -8 --------- Run | Yrd Mat Min Mat Mat Machines Accessed 9 | . 4 1 2 2 Terminals 6 | . 3 . 2 1 Fabricators . | . . . . . Repair Stations . | . . . . . Recycling Units 1 | . 1 . . . Scanalyzers 1 | . . . . 1 Garrison Access . | . . . . . Total Hacks 18 | . 11 1 3 3 Successful 15 | . 9 1 2 3 Failed 3 | . 2 . 1 . Catastrophic . | . . . . . Database Lockouts . | . . . . . Manual . | . . . . . Terminals 11 | . 7 . 3 1 Fabricators . | . . . . . Repair Stations . | . . . . . Recycling Units 4 | . 4 . . . Scanalyzers 2 | . . . . 2 Garrison Access . | . . . . . Terminal Hacks 9 | . 5 1 2 1 Record 1 | . 1 . . . Robot Analysis 1 | . 1 . . . Prototype ID Bank 1 | . 1 . . . Open Door 1 | . . 1 . . Emergency Access Points 1 | . . . 1 . Alert Level 2 | . 1 . . 1 Hauler Manifests 1 | . 1 . . . Zone Layout 1 | . . . 1 . Fabricator Hacks . | . . . . . Repair Station Hacks . | . . . . . Recycling Unit Hacks 4 | . 4 . . . Process 1 | . 1 . . . Report Inventory 2 | . 2 . . . Retrieve Matter 1 | . 1 . . . Scanalyzer 2 | . . . . 2 Insert Component 1 | . . . . 1 Analyze 1 | . . . . 1 Garrison Access Hacks . | . . . . . Unauthorized Hacks . | . . . . . Terminals . | . . . . . Fabricators . | . . . . . Repair Stations . | . . . . . Recycling Units . | . . . . . Scanalyzers . | . . . . . Garrison Access . | . . . . . Data Cores Recovered 2 | . 2 . . . Used . | . . . . . Hacking Detections 3 | . 2 . . 1 Full Trace Events . | . . . . . Feedback Events . | . . . . . Feedback Blocked . | . . . . . Robot Schematics Acquired . | . . . . . Robots Built . | . . . . . Authchips . | . . . . . Time . | . . . . . Total Robot Build Rating . | . . . . . Part Schematics Acquired 1 | . . . . 1 Parts Built . | . . . . . Authchips . | . . . . . Time . | . . . . . Total Part Build Rating . | . . . . . Parts Repaired . | . . . . . Time . | . . . . . Parts Recycled . | . . . . . Recycled Matter 13 | . 13 . . . Retrieved Matter 13 | . 13 . . . Retrieved Components . | . . . . . Parts Scanalyzed 1 | . . . . 1 Part Schematics Acquired 1 | . . . . 1 Parts Damaged . | . . . . . Bothacking | -11 -10 -10 -9 -8 ------------ Run | Yrd Mat Min Mat Mat Used RIF Installer . | . . . . . Robots Hacked . | . . . . . Non-combat . | . . . . . Combat . | . . . . . Robot Hacks Applied . | . . . . . Relay Couplers Released . | . . . . . Fabnet Peak Effective % . | . . . . . Robots Rewired . | . . . . . Allies Hacked . | . . . . . Hacks Repelled . | . . . . . Allies | -11 -10 -10 -9 -8 -------- Run | Yrd Mat Min Mat Mat Total Allies 2 | . . 2 . . Largest Group 2 | . . 2 1 . Highest-Rated Group 46 | . . 46 31 . Highest-Rated Ally 31 | . . 31 31 . Total Orders . | . . . . . Ally Attacks 7 | . . 6 1 . Total Damage 81 | . . 81 . . Kills 1 | . . 1 . . Allies Corrupted . | . . . . . Allies Melted . | . . . . . Intel | -11 -10 -10 -9 -8 ------- Run | Yrd Mat Min Mat Mat Active Infowar (turns) . | . . . . . Robot Analysis Total 1 | . 1 . . . Derelict Logs Recovered 1 | . . 1 . . Drone Launches . | . . . . . Drone Recoveries . | . . . . . Exploration | -11 -10 -10 -9 -8 ------------- Run | Yrd Mat Min Mat Mat Turns Passed 3007 | 74 960 262 929 782 Spaces Moved 1363 | 71 621 156 348 167 Core 37 | 16 . . . 21 Treads . | . . . . . Legs 416 | . . . 270 146 Wheels 910 | 55 621 156 78 . Hover . | . . . . . Flight . | . . . . . Fastest Speed 50 | 50 80 140 140 260 Average Speed 195 | 89 134 153 233 426 Slowest Speed 1800 | 150 140 200 260 1800 Overloaded Moves . | . . . . . Propulsion Burnouts . | . . . . . Robots Hopped . | . . . . . Potential Cave-ins . | . . . . . Cave-ins Triggered . | . . . . . Exploration Rate (%) 29 | 3 63 32 29 18 Regions Visited 4 Branch Regions 1 Pre-discovered Areas . | . . . . . Known Exits Taken 3 | . 1 1 1 . Unknown Exits Taken 1 | 1 . . . . Scrap Searched . | . . . . . Spaces Dug . | . . . . . Terrain Destroyed 38 | . 11 . 5 22 Melee . | . . . . . Projectile 4 | . . . 1 3 AOE 34 | . 11 . 4 19 Terrain Rammed . | . . . . . Walls Destroyed . | . . . . . Machines Disabled . | . . . . . Actions | -11 -10 -10 -9 -8 --------- Run | Yrd Mat Min Mat Mat Total 1568 | 78 703 170 411 206 Wait 47 | . 38 4 . 5 Move 1359 | 70 620 155 347 167 Hop . | . . . . . Pick Up 36 | 2 14 5 11 4 Fast Attach 6 | 6 . . . . Attach 13 | . 2 . 6 5 Detach 1 | . . . . 1 Swap 14 | . 2 . 10 2 Drop 16 | . 5 1 9 1 Fire 76 | . 22 5 28 21 Melee . | . . . . . Ram . | . . . . . Kick . | . . . . . Crush . | . . . . . Escape Stasis . | . . . . . Rewire . | . . . . . Trap . | . . . . . Miscellaneous . | . . . . . Route ------- -11/Scrapyard -10/Materials (discovered 3 exits: *Mat x2 / *Min) -10/Mines -9/Materials (discovered 3 exits: *Mat / Min x2) -8/Materials History --------- Turn | Location | Event 14 | -11/Scrapyard | Discovered new exit (range 15) 75 | -11/Scrapyard | Entered Materials 301 | -10/Materials | Build established: Mutant 456 | -10/Materials | Discovered new exit (range 15) 520 | -10/Materials | Identified exit to Materials 830 | -10/Materials | Discovered exit to Materials (range 10) 1012 | -10/Materials | Discovered new exit (range 12) 1033 | -10/Materials | Identified exit to Mines 1035 | -10/Materials | Entered Mines 1177 | -10/Mines | Discovered exit to Materials (range 15) 1225 | -10/Mines | Met a Derelict shopkeep closing up shop 1297 | -10/Mines | Entered Materials 1297 | -9/Materials | Accompanied by 1 ally 1297 | -9/Materials | Evolved 2 slots: Propulsion x1, Utility x1 1298 | -9/Materials | Identified exit to Mines 1302 | -9/Materials | Led the pair of lost Derelicts to an unsafe place 2133 | -9/Materials | Build established: Scavenger-Mutant 2179 | -9/Materials | Discovered new exit (range 9) 2207 | -9/Materials | Identified exit to Materials 2226 | -9/Materials | Entered another Materials area 2226 | -8/Materials | Evolved 2 slots: Power x1, Propulsion x1 2700 | -8/Materials | Lost 6 parts (3n3w) 2904 | -8/Materials | Lost 4 parts (2p2w) 2905 | -8/Materials | Core integrity fell below 50% 2939 | -8/Materials | Build established: Mutant 2941 | -8/Materials | Core integrity fell below 20% 3008 | -8/Materials | Destroyed by exploding Fusion Modulator Last Messages --------------- 02870_ Flak Cannon destroyed. 02873_ Critical hit (Destroy). 02873_ Deuterium Engine destroyed. 02876_ Penetrated by Slug. 02878_ Acquired 46 matter. 02879_ Slug penetrates Wall. 02885_ Penetrated by Slug. 02918_ U-05 Engineer builds a Door. 02922_ Slug penetrates Wall. 02931_ Slug penetrates U-05 Engineer. 02940_ Penetrated by Slug. 02955_ Slug penetrates Wall. 02999_ Triggered Proton Bomb Trap. 02999_ A bubble of electromagnetic force engulfs the area. 02999_ Door malfunctions. 03000_ Penetrated by Slug. 03008_ Fusion Modulator explodes. 03008_ Terminal disabled. 03008_ K-01 Serf destroyed. Map ----- +----------------------------------------------------+ | ??????????????????????????????????????? | | ??????????????????????????????????????? | | ??????????????????????????????????????? | | ??????????????????????????????????????? | | ??????????????????????????????????????? | | ??????????????????????????????????????? | | ??????????????????????????????????????? | | ????????????????????????#####?????????? | | ????###########????????? #?????????? | | ????# #????????? ?????????? | | ????# """"" #????????? ??????????? | | ????# ""T"" #????????? ??????????? | | ????# #?????????# #??????????? | | ????# #?????????# #??????????? | | #???# #?????????# #??????????? | | #???# #?????###?# #??????????? | | #???# #???? ###% ##?????????? | | #########+#+############ ! #?????????? | | + r ! #?????????? | | ######### % [ #?????????? | | #???????########"####### % #?????????? | | ###### ???? # ##h ##?????????? | | T ## ###??# #??????????? | | ## " " #????# #######????? | | ## "G" #?#### #????? | | """ ## " #?# ;@ ^#????? | | """ ### #?#;;;;;;;;;# #????? | | """ ? ???######## ; #????? | | ?????????????# ; #????? | | ????????????# =; #????? | | ????????????#" *# #????? | | ???????????#" ; #????? | | ??????????#"" # #????? | | ???????????# ]# #????? | | [[???????????########;;###?#????? | | ?????????????????????? #????????? | | ???????????????????????? #????????? | | ??????????????????????????? #????????? | | ?????????????????????????????#????????? | | ??????????????????????????????????????? | | ??????????????????????????????????????? | | ??????????????????????????????????????? | | ??????????????????????????????????????? | | ??????????????????????????????????????? | | ??????????????????????????????????????? | | ??????????????????????????????????????? | | ??????????????????????????????????????? | | ??????????????????????????????????????? | | ??????????????????????????????????????? | | ??????????????????????????????????????? | +----------------------------------------------------+ Best States ------------- Heat Dissipation 31 Energy Generation 27 Energy Capacity 325 Matter Stores 300 Matter Capacity 300 Sight Range 16 Terrain Scan Density 10 Evasion (%) 44 Targeting Accuracy 8 Offensive Hacking 10 Item Schematics ----------------- Carbon-fiber Leg | -8/Materials | Scanalyzed Robot Schematics ------------------ None Fabricated ------------ Nothing Repaired ---------- Nothing Alien Tech Used ----------------- None Achievements -------------- None Challenges ------------ None Game ------ Seed SpikedStasisMiniperforator Manual? 0 Play Time 00:29:30 Cumulative 10.7 hours Start 2025.06.29 @ 22:00:58 End 2025.06.29 @ 22:30:41 Sessions 1 Manual Loads 0 Difficulty Rogue Special Mode None Game No. 28 Rogue 28 Adventurer 0 Explorer 0 Win Type - Total 0 Types 0/0/0/0/0/0/0/0/0/0 Lore% 9 Gallery% 16 Achievement% 12 Wizard Run 0 Options --------- Layout 1 ASCII 0 Keyboard 0 Movement Arrows Keybinds 0 Fullscreen 1 Font 24/Smallcaps Map View 50x35 Zoom Use 0% Tactical HUD 1 Map Filters NONE Filters NONE Steam 1 RUN: 6b0d44a9-2b01-43ea-a6d2-861d0000653e